 Dungeon Crawl Stone Soup version 0.31.0-12-g77e489cdc1 (webtiles) character file.

Game seed: 6528921386440216501

499 Doomgape the Trooper (level 7, -3/44 HPs)
             Began as a Gargoyle Fighter on Feb 24, 2024.
             Slain by an ogre
             ... wielding a +0 giant spiked club
              (18 damage)
             ... on level 5 of the Dungeon.
             The game lasted 00:05:54 (3438 turns).

Doomgape the Trooper (Gargoyle Fighter)             Turns: 3438, Time: 00:05:54

Health: -3/44      AC: 17    Str: 22    XL:     7   Next: 16%
Magic:  7/7        EV:  6    Int:  8    God:
Gold:   170        SH:  5    Dex:  9    Spells: 6/6 levels left

rFire   . . .        j - +2 hand axe (flame)
rCold   . . .        c - +1 buckler
rNeg    + . .        s - +0 plate armour
rPois   ∞            (no helmet)
rElec   +            (no cloak)
rCorr   .            (no gloves)
SInv    .            (no boots)
Will    +....        (no amulet) Stlth
                     p - ring of willpower
HPRegen 0.27/turn    (no ring)
MPRegen 0.10/turn

%: no passive effects
@: no status effects
A: sickness immunity, AC +4, negative energy resistance 1, electricity
resistance, torment resistance 1, petrification resistance
a: no special abilities


You were on level 5 of the Dungeon.
You visited 1 branch of the dungeon, and saw 5 of its levels.

You collected 170 gold pieces.

Inventory:

Hand Weapons
 a - a +0 flail
 j - a +2 hand axe of flaming (weapon)
Armour
 c - a +1 buckler (worn)
 s - a +0 plate armour (worn)
Jewellery
 p - a ring of willpower (left hand)
Wands
 t - a wand of paralysis (10)
Scrolls
 f - 4 scrolls of fog
 k - a scroll of identify
 l - a scroll of vulnerability
 n - a scroll of revelation
 o - a scroll of enchant weapon {unknown}
 r - a scroll of torment {unknown}
Potions
 b - a potion of resistance
 d - 2 potions of might
 g - a potion of enlightenment
 h - a potion of curing
 i - a potion of mutation {unknown}
 m - a potion of magic {unknown}
 q - a potion of brilliance {unknown}


   Skills:
 + Level 5.6 Fighting
 + Level 3.2(3.5) Axes
 - Level 2.4(3.4) Maces & Flails
 + Level 5.5 Armour
 - Level 3.6 Shields


You had 6 spell levels left.
You didn't know any spells.
Your spell library contained the following spells:

 Spells                   Type           Power      Damage    Failure   Level
 Sandblast                Erth           0%         2d4       100%        1
 Passwall                 Erth           0%         N/A       100%        3
 Stone Arrow              Conj/Erth      0%         3d7       100%        3
 Brom's Barrelling Bould  Conj/Erth      0%         2d3       100%        4


Dungeon Overview and Level Annotations

Branches:
Dungeon (5/15)
 Temple: D:4-7

Altars:
Ashenzari
Dithmenos
Makhleb
Qazlal
Ru
Trog


Innate Abilities, Weirdness & Mutations

You are immune to sickness and miasma.
Your stone body is resilient. (AC +4)
You are immune to poison.
You resist negative energy. (rN+)
You are resistant to electric shocks. (rElec)
You are resistant to unholy torment.
You are immune to petrification.


Message History

You closely miss the gnoll.
The gnoll is almost dead.
You hit the gnoll. You burn the gnoll.
You kill the gnoll!
The gnoll hits you but does no damage.
You hit the gnoll. You burn the gnoll.
You kill the gnoll!
You start resting.
HP restored.
Things that are here:
a +0 halberd; a +0 scale mail; a gnoll corpse You now have 170 gold pieces (gained 16).
Found a ring mail.
An ogre comes into view. It is wielding a +0 giant spiked club.
The ogre shouts!
Found a dagger.
The ogre hits you with a +0 giant spiked club!
You slash the ogre! You burn the ogre.
The ogre is moderately wounded.
You hit the ogre. You burn the ogre.
The ogre is severely wounded.
The ogre closely misses you.
You barely miss the ogre.
The ogre is severely wounded.
You block the ogre's attack.
You hit the ogre. You burn the ogre.
The ogre is severely wounded.
The ogre hits you with a +0 giant spiked club!!
* * * LOW HITPOINT WARNING * * *
You are too injured to fight recklessly!
You barely miss the ogre.
The ogre is severely wounded.
The ogre hits you but does no damage.
Unknown command.
You barely miss the ogre.
The ogre is severely wounded.
Okay, then.
You feel better.
The ogre hits you with a +0 giant spiked club!!
You die...

#.....# ..# #.#.....
####### #. #.# #.#.....
#. #.# #.#..... #. #.#
#.#.###. ###. #.#
##+#.#### #... #.#
#........ ####..)
#.#####........
.......###..............
......O@...#####........
......$###.# #.......[
....... #.# ##.######
.....## #.# #.# .....
#.# #.# #### #.# ... ...
... ..


You could see an ogre.

Vanquished Creatures
  A phantom (D:5)
  2 bombardier beetles
  A hound (D:5)
  Jessica (D:2)
  2 orc wizards
  2 iguanas
  8 gnolls
  5 adders
  A shadow imp (D:5)
  2 dart slugs (D:1)
  A ribbon worm (D:3)
  5 orcs
  4 bats
  6 endoplasms
  5 goblins
  5 hobgoblins
  2 jackals (D:1)
  11 kobolds
  4 quokkas
  3 ball pythons
  4 frilled lizards
  8 rats
  A spectral hobgoblin (D:2)
84 creatures vanquished.

Notes
Turn   | Place    | Note
-------+----------+-------------------------------------------
     0 | D:1      | Doomgape the Gargoyle Fighter began the quest for the Orb.
     0 | D:1      | Reached XP level 1. HP: 14/14 MP: 1/1
    65 | D:1      | Reached XP level 2. HP: 19/19 MP: 2/2
   394 | D:1      | Reached XP level 3. HP: 20/23 MP: 3/3
   854 | D:2      | Reached XP level 4. HP: 16/29 MP: 4/4
   858 | D:2      | Reached skill level 1 in Axes
   911 | D:2      | Found a faded altar of an unknown god.
  1268 | D:2      | Noticed Jessica
  1272 | D:2      | Killed Jessica
  1523 | D:3      | Reached XP level 5. HP: 32/34 MP: 5/5
  2792 | D:4      | Found a shadowy altar of Dithmenos.
  2792 | D:4      | Found a broken altar of Ashenzari.
  2792 | D:4      | Found a sacrificial altar of Ru.
  2792 | D:4      | Found a burning altar of Makhleb.
  2812 | D:4      | Reached XP level 6. HP: 20/40 MP: 6/6
  2954 | D:4      | Found a stormy altar of Qazlal.
  2957 | D:4      | Found a bloodstained altar of Trog.
  3018 | D:4      | Reached skill level 5 in Fighting
  3030 | D:4      | Reached skill level 5 in Armour
  3097 | D:5      | Entered Level 5 of the Dungeon
  3121 | D:5      | Reached XP level 7. HP: 39/44 MP: 7/7
  3438 | D:5      | Slain by an ogre

Illustrated notes

Levels and vault maps discovered:
D:1:      dpeg_arrival_tiny_a, layout_basic
D:2:      layout_basic, dreamdust_ecumenical_altar_drowned_temple, uniq_jessica
D:3:      layout_basic, minmay_misc_feat_hallway,
          amcnicky_mini_rare_corridor_liquid, minivault_24
D:4:      layout_rooms, minmay_overflow_temple_hex, chequers_serial_rivers_marsh
D:5:      layout_basic, minmay_temple_entry_glass, grunt_decor_fettered,
          hangedman_decor_peaks_small

Skill      XL: |  1  2  3  4  5  6 |
---------------+-------------------+-----
Fighting       | 4 5 |  5.6
Axes           | 1 2 3 |  3.2
Armour         | 4 5 |  5.5
Maces & Flails | |  2.4
Shields        | |  3.6

Action                     |  1- 3 |  4- 6 |  7- 9 || total
---------------------------+-------+-------+-------++-------
  Melee: Flail             |    56 |       |       ||    56
         Hand axe          |    24 |   144 |    28 ||   196
    Use: Scroll            |     3 |     5 |       ||     8
         Potion            |       |       |     1 ||     1
 Armour: Scale mail        |    48 |    12 |       ||    60
         Chain mail        |       |    25 |       ||    25
         Plate armour      |       |    47 |    16 ||    63
  Dodge: Dodged            |    44 |    43 |     7 ||    94
  Block: Buckler           |    25 |    30 |     7 ||    62
